AoeStats
← Leão

Arabia

508758194Analyzed
2v2 RM · 8d ago on Sep 23, 2026· 46m 34s· 4 players
Game mode
Random Map
Map size
Medium (4 player)
Population
200
Speed
Normal
Resources
Standard
Victory
Conquest
Starting age
Dark Age
Ending age
Imperial Age
RankedLock teamsTeams togetherTeam positionsShared explorationLock speedFull tech treeHidden civsTurbo modeCheats
Victory
Defeat
🇦🇷 Magyars · Argentina
1304
+17
🇦🇷 Aztecs · Argentina
1180
+21
🇧🇷 Britons · Brazil
1312
-19
🇧🇷 Varangians · Brazil
1306
-19
Leão
6:11 Loom
9:21 Feudal Age
10:21 Double-Bit Axe
11:06 Bloodlines
17:05 Forging
21:46 Scale Barding Armor
25:09 Castle Age
23:20 Horse Collar
23:35 Gold Mining
25:56 Husbandry
26:13 Bow Saw
26:46 Chain Barding Armor
27:03 Iron Casting
35:41 Stone Mining
40:38 Wheelbarrow
39:49 Town Watch
40:30 Fletching
41:12 Vendel Legacy
45:38 Imperial Age
45:49 Cavalier
KID EmSexto
7:08 Loom
9:47 Feudal Age
10:12 Double-Bit Axe
15:08 Fletching
16:18 Padded Archer Armor
22:26 Castle Age
20:20 Horse Collar
20:46 Gold Mining
22:33 Crossbowman
23:16 Bodkin Arrow
28:47 Wheelbarrow
28:48 Leather Archer Armor
30:23 Stone Mining
34:59 Ballistics
35:52 Hand Cart
41:17 Imperial Age
41:57 Bow Saw
42:00 Bracer
41:52 Arbalester
44:37 Chemistry
44:10 Ring Archer Armor
44:30 Gold Shaft Mining
45:06 Two-Man Saw
ojoalcojo
9:13 Feudal Age
9:39 Loom
9:46 Double-Bit Axe
11:02 Horse Collar
13:54 Scale Barding Armor
21:10 Bloodlines
25:43 Castle Age
25:45 Light Cavalry
27:21 Husbandry
28:50 Chain Barding Armor
37:02 Wheelbarrow
36:12 Town Watch
43:46 Imperial Age
43:49 Cavalier
45:09 Plate Barding Armor
46:35 Town Watch
47:05 Hand Cart
enzopasq13
6:21 Loom
9:25 Feudal Age
12:44 Fletching
16:52 Padded Archer Armor
20:00 Double-Bit Axe
19:57 Horse Collar
25:09 Castle Age
24:40 Wheelbarrow
25:21 Crossbowman
25:58 Bodkin Arrow
26:18 Leather Archer Armor
26:25 Leather Archer Armor
28:09 Ballistics
38:52 Imperial Age
36:09 Town Watch
38:59 Arbalester
40:13 Bracer
44:41 Scale Mail Armor
44:51 Forging
45:57 Chain Mail Armor
Connection lost

Rejoining the realm…

Still unreachable

The connection could not be restored.

Session expired

The server has moved on; the page needs a fresh start.